 Dungeon Crawl Stone Soup version 0.31-a0-1066-g35875b34c7 (webtiles) character file.

Game seed: 9072197088615796304

21 Gumption the Cudgeller (level 2, -3/29 HPs)
             Began as a Gnoll Cinder Acolyte on Nov 22, 2023.
             Was a High Priest of Ignis.
             Slain by an adder (4 damage)
             ... on level 2 of the Dungeon.
             The game lasted 00:05:59 (814 turns).

Gumption the Cudgeller (Gnoll Cinder Acolyte)        Turns: 814, Time: 00:05:59

Health: -3/29      AC:  2    Str: 13    XL:     2   Next: 87%
Magic:  5/5        EV: 10    Int: 13    God:    Ignis [*****.]
Gold:   16         SH:  3    Dex:  7    Spells: 6/6 levels left

rFire   + . .        a - -1 mace (flame)
rCold   . . .        h - +0 buckler
rNeg    . . .        b - +0 robe
rPois   .            (no helmet)
rElec   .            (no cloak)
rCorr   .            (no gloves)
SInv    .            (no boots)
Will    .....        (no amulet)
Stlth   +            (no ring)
HPRegen 0.24/turn    (no ring)
MPRegen 0.09/turn

%: no passive effects
@: lethally poisoned (-3 -> -13)
A: fangs 1, strong nose, distributed training
a: Renounce Religion, Fiery Armour, Foxfire Swarm, Rising Flame


You were on level 2 of the Dungeon.
You worshipped Ignis.
Ignis was extremely pleased with you.
You visited 1 branch of the dungeon, and saw 2 of its levels.

You collected 16 gold pieces.

Inventory:

Hand Weapons
 a - a -1 mace of flaming (weapon)
Missiles
 c - 2 boomerangs (quivered)
 f - 13 stones
Armour
 b - a +0 robe (worn)
 h - a +0 buckler (worn)
Scrolls
 d - a scroll of immolation {unknown}
 e - 2 scrolls of identify {unknown}
 g - a scroll of teleportation {unknown}
 j - a scroll of brand weapon {unknown}
 k - a scroll of enchant weapon {unknown}
Potions
 i - a potion of brilliance {unknown}
 l - a potion of might {unknown}
 m - a potion of heal wounds {unknown}


   Skills:
 + Level 6.5 Fighting
 + Level 0.5 Short Blades
 + Level 0.5 Long Blades
 + Level 0.5 Axes
 + Level 6.5 Maces & Flails
 + Level 0.5 Polearms
 + Level 0.5 Staves
 + Level 0.5 Ranged Weapons
 + Level 0.5 Throwing
 + Level 0.5 Armour
 + Level 0.5 Dodging
 + Level 0.5 Stealth
 + Level 0.5 Shields
 + Level 0.5 Unarmed Combat
 + Level 2.7 Spellcasting
 + Level 0.4 Conjurations
 + Level 0.4 Hexes
 + Level 0.4 Summonings
 + Level 0.4 Necromancy
 + Level 0.4 Translocations
 + Level 0.4 Transmutations
 + Level 5.4 Fire Magic
 + Level 0.4 Ice Magic
 + Level 0.4 Air Magic
 + Level 0.4 Earth Magic
 + Level 0.4 Poison Magic
 + Level 0.7 Invocations
 + Level 0.5 Evocations
 + Level 0.5 Shapeshifting


You had 6 spell levels left.
You didn't know any spells.
Your spell library contained the following spells:

 Spells                   Type           Power      Damage    Failure   Level
 Scorch                   Fire           30%        2d6       5%          2


Dungeon Overview and Level Annotations

Branches:
Dungeon (2/15)

Altars:


Innate Abilities, Weirdness & Mutations

You have very sharp teeth.
Your uncanny sense of smell can sniff out nearby items.
Your experience applies equally to all skills.


Message History

The adder is heavily wounded.
The endoplasm hits you. The adder misses you.
You miss the adder.
The adder is heavily wounded.
You block the adder's attack. The endoplasm hits you.
The adder barely misses you. The endoplasm barely misses you.
You miss the adder.
The adder is heavily wounded.
The adder bites you.
You are poisoned.
The adder poisons you!
The endoplasm hits you but does no damage.
You closely miss the adder. You bite the adder.
The adder is severely wounded.
You feel sick. The adder barely misses you. The endoplasm hits you.
* * * LOW HITPOINT WARNING * * *
The adder bites you.
* * * LOW HITPOINT WARNING * * *
You hit the adder. You burn the adder.
The adder is almost dead.
You feel sick. The adder closely misses you. The endoplasm freezes you.
You are frozen.
* * * LOW HITPOINT WARNING * * *
You closely miss the adder. Your bite misses the adder.
The adder is almost dead.
You feel sick. The adder bites you.
* * * LOW HITPOINT WARNING * * *
You are lethally poisoned!
The adder poisons you! The endoplasm barely misses you. The adder bites you.
* * * LOW HITPOINT WARNING * * *
You are more poisoned.
The adder poisons you!
You miss the adder.
The adder is almost dead.
* * * LOW HITPOINT WARNING * * *
You feel very sick.
The endoplasm hits you but does no damage.
The adder bites you.
You die...

### . ∆ ##... .h
...#. .h. ......
..h. #......
..... ####.......
>.....#.S@.......
........##J.....#
......<#..h...#.#
.....[# .#.)###
#....$ ...##
..... .#.# .....
.#.# .... .#.#
.... ##


You could see an adder, an endoplasm and a jackal.

Vanquished Creatures
  A worm (D:2)
  A dart slug (D:2)
  A ball python (D:2)
  An endoplasm (D:1)
  A giant cockroach (D:1)
  A goblin (D:1)
  A hobgoblin (D:1)
  2 jackals (D:2)
  3 quokkas
  A bat (D:1)
  A rat (D:1)
14 creatures vanquished.

Notes
Turn   | Place    | Note
-------+----------+-------------------------------------------
     0 | D:1      | Gumption the Gnoll Cinder Acolyte began the quest for the
                  | Orb.
     0 | D:1      | Reached XP level 1. HP: 23/23 MP: 4/4
   358 | D:1      | Reached XP level 2. HP: 29/29 MP: 5/5
   814 | D:2      | HP: 1/29 [poisoned by an adder]
   814 | D:2      | Slain by an adder

Illustrated notes

Levels and vault maps discovered:
D:1:      shiori_shiawase, layout_loops_ring
D:2:      layout_rooms, uniq_jessica

Action                     || total
---------------------------++-------
  Melee: Mace              ||    52
         Bite              ||     3
  Throw: Boomerang         ||    12
 Armour: Robe              ||    28
  Dodge: Dodged            ||    46
  Block: Buckler           ||     7

Table legend: (Time is in decaauts)
 A = Elapsed time spent in this place.
 B = Non-inter-level travel time spent in this place.
 C = Inter-level travel time spent in this place.
 D = Time resting spent in this place.
 E = Time spent auto-exploring this place.
 F = Levels seen in this place.
 G = Mean time per level.
                   A        B        C        D        E       F      G
               +--------+--------+--------+--------+--------+-----+--------+
         Total |    823 |    823 |      0 |     54 |    211 |   2 |  411.5 |
       Dungeon |    823 |    823 |      0 |     54 |    211 |   2 |  411.5 |
               +--------+--------+--------+--------+--------+-----+--------+

Top non-repeatable levels by time:
     D:1: 749 daAuts
     D:2: 74 daAuts
